AoeStats
← Michi3052

Enclosed

504650359Analyzed
1v1 RM · 28d ago on Sep 6, 2026· 33m 2s· 2 players
Game mode
Random Map
Map size
Tiny (2 player)
Population
200
Speed
Normal
Resources
Standard
Victory
Conquest
Starting age
Dark Age
Ending age
Imperial Age
RankedLock teamsTeams togetherTeam positionsShared explorationLock speedFull tech treeHidden civsTurbo modeCheats
Victory
Defeat
🇲🇽 Spanish · Mexico
663
+16
🇪🇸 Portuguese · Spain
672
-16
rafael.alatorrer
5:57 Loom
10:47 Feudal Age
18:06 Castle Age
17:09 Bloodlines
16:47 Double-Bit Axe
21:51 Husbandry
24:39 Gold Mining
Michi3052
9:47 Loom
12:04 Feudal Age
13:15 Double-Bit Axe
16:34 Horse Collar
17:54 Padded Archer Armor
21:28 Castle Age
21:50 Crossbowman
24:34 Gold Mining
24:56 Thumb Ring
26:08 Bow Saw
25:38 Pikeman
28:37 Wheelbarrow
27:50 Town Watch
30:55 Gambesons
32:51 Fletching
Connection lost

Rejoining the realm…

Still unreachable

The connection could not be restored.

Session expired

The server has moved on; the page needs a fresh start.